Match 44951962
Unlisted

Match 44951962
End
Construct Infanterie Kompanie
Selects Luftwaffe Battlegroup
Selects Luftwaffe Pioneer Support
Fallschirmpioneer Squad Paradrop
MG 42 Machine Gun Team
Grenadier Squad
GrW 34 Mortar Team
Selects Stuka Strafing Run
Construct Panzergrenadier Kompanie
Stuka Strafing Run
Selects Flak 38 Anti-Air Emplacement
Panzergrenadier Squad
Stuka Strafing Run
Panzergrenadier Squad
Stuka Strafing Run
Selects Fallschirmjäger Squad Paradrop
Panzergrenadier Officer Quarters
Pak 40 Anti-tank Gun Team
Stuka Strafing Run
Pak 40 Anti-tank Gun Team
Stuka Strafing Run
251 Medium Carrier
MG 42 Machine Gun Team
Selects Fragmentation Bombs
Pak 40 Anti-tank Gun Team
Stuka Strafing Run
Wilthar
MrReaper
Cracknikus
PelusaNinja
S1L
smg.GLORYnHALLELUJA
Big Daddy
Toni
0
0

Comments sign in to comment!

No comments posted yet!